 Dungeon Crawl Stone Soup version 0.17.0-28-g6e173f8 (webtiles) character file.

96 ventricule the Charmwright (level 4, 0/33 HPs)
             Began as a Vampire Skald on Nov 27, 2015.
             Slain by an orc
             ... wielding a +0 war axe
              (8 damage)
             ... on level 2 of the Dungeon.
             The game lasted 00:04:33 (2562 turns).

ventricule the Charmwright (Vampire Skald)          Turns: 2562, Time: 00:04:33

Health: 0/33       AC:  3    Str: 11    XL:     4   Next: 41%
Magic:  1/7        EV: 11    Int: 15    God:
Gold:   65         SH:  0    Dex: 13    Spells: 3 memorised, 2 levels left

rFire  . . .     SeeInvis +     a - +0 falchion
rCold  + . .     Clarity  .     b - +0 leather armour
rNeg   + . .     SustAt   .     (no shield)
rPois  .         Gourm    .     (no helmet)
rElec  .         Spirit   .     (no cloak)
rCorr  .         Warding  .     (no gloves)
rMut   .         Stasis   .     (no boots)
MR     .....                    (no amulet)
Stlth  ++........               p - ring of stealth
                                e - ring of protection from cold

@: infused, singing, not resistant to hostile enchantments, unstealthy
A: fangs 3, see invisible, unbreathing
a: Bat Form, Stop Singing


You were on level 2 of the Dungeon.
You were not thirsty.

You visited 1 branch of the dungeon, and saw 3 of its levels.

You collected 65 gold pieces.


Innate Abilities, Weirdness & Mutations

You have razor-sharp teeth.
You have supernaturally acute eyesight.
You can survive without breathing.


   Skills:
 - Level 1.7 Fighting
 + Level 3.8 Long Blades
 - Level 0.7 Armour
 - Level 1.1 Dodging
 - Level 2.0 Spellcasting
 + Level 4.4 Charms


You had 2 spell levels left.
You knew the following spells:

 Your Spells              Type           Power        Failure   Level  Hunger
a - Shroud of Golubria    Chrm/Tloc      #.........   21%         2    ###....
x - Song of Slaying       Chrm           ##......     10%         2    ###....
z - Infusion              Chrm           ##....       6%          1    #......

Inventory:

Hand Weapons
 a - a +0 falchion (weapon)
Armour
 b - a +0 leather armour (worn)
Jewellery
 e - a ring of protection from cold (left hand)
 p - a ring of stealth (right hand)
Scrolls
 f - a scroll of identify {unknown}
 g - a scroll of noise {unknown}
 h - a scroll of teleportation {unknown}
 l - a scroll of random uselessness {unknown}
 m - a scroll of remove curse {unknown}
 n - a scroll of magic mapping {unknown}
 s - a scroll of amnesia {unknown}
Potions
 j - a potion of mutation {unknown}
 k - a potion of might {unknown}
 o - a potion of haste {unknown}
 q - a potion of poison {!q}
 r - a potion of agility {unknown}
Books
 c - a book of Battle

   Spells                             Type                      Level
   a - Infusion                       Charms                       1
   b - Shroud of Golubria             Charms/Translocation         2
   c - Song of Slaying                Charms                       2
   d - Spectral Weapon                Hexes/Charms                 3
   e - Regeneration                   Charms/Necromancy            3

Dungeon Overview and Level Annotations

Branches:
Dungeon (3/15)

Altars:

▒...........▒▒▒▒▒▒▒▒▒▒
▒....................▒
▒............(.......▒ ▒▒▒▒▒▒
▒..........(.........▒ ▒....▒
▒▒▒▒▒▒▒▒▒▒(...(......▒▒▒▒.▒▒.▒
..▒▒ ▒▒......†............▒▒.▒▒▒
▒..▒▒▒..▒▒▒▒▒..▒▒▒▒▒▒.▒▒▒▒▒▒...▒
▒▒.....▒▒...▒▒oo▒▒▒▒▒.▒▒▒▒▒▒▒▒.▒
.▒▒...▒▒.....▒▒oV)..▒<....▒ ▒.▒
..▒...▒.......▒▒▒▒▒.▒▒.▒▒.▒ ▒.▒
..'...'....(..▒ ▒.▒▒.▒..▒ ▒.▒
..▒...▒.......▒ ▒....▒..▒ ▒.▒
.▒▒...▒▒.....▒▒ ▒▒▒....▒▒ ▒.▒
▒▒▒...▒▒▒...▒▒ ▒.▒▒▒▒▒▒▒▒.▒ ▒
▒...▒ ▒▒▒▒▒ ▒..........▒
▒▒▒.).▒▒▒...▒▒ ▒▒▒▒▒▒▒▒▒▒▒▒
.▒▒...▒▒.....▒▒


You could see 3 orcs.


Message History

Drink which item? (? for menu, Esc to quit)
It was a potion of curing.
You feel better. The jackal closely misses you. The orc misses you.
The jackal completely misses you.
Drink which item? (? for menu, Esc to quit)
Okay, then.
You start singing a song of slaying.
The orc closely misses you.
The jackal bites you but does no damage.
The orc hits you with a war axe.
* * * LOW HITPOINT WARNING * * *
You begin infusing your attacks with magical energy.
The jackal bites you but does no damage.
The orc hits you.
* * * LOW HITPOINT WARNING * * *
You hit the jackal.
The jackal is heavily wounded.
The jackal bites you but does no damage.
The orc closely misses you. x2
The jackal misses you.
You completely miss the jackal.
The jackal is heavily wounded.
The jackal bites you but does no damage.
The orc closely misses you. The orc misses you.
The jackal bites you but does no damage.
You slash the jackal!
You kill the jackal!
The orc closely misses you. The orc misses you. The orc barely misses you.
You hit the goblin.
You kill the goblin!
The orc hits you with a war axe!
You die...

Action                   |  1- 3 |  4- 6 || total
-------------------------+-------+-------++-------
Melee: Falchion          |   119 |    30 ||   149
 Cast: Infusion          |    10 |     4 ||    14
       Song of Slaying   |     1 |     2 ||     3
  Use: Potion            |       |     2 ||     2
 Stab: Sleeping          |     2 |       ||     2
  Eat: Corpse            |     7 |     1 ||     8

Vault maps used:
D:1:      lemuel_arrival_river_bridge
D:2:      kennysheep_six_static_rooms, first_bread
D:3:      okawaru_trees_2, cheibriados_altar_1, lemuel_round_altar

Notes
Turn   | Place    | Note
--------------------------------------------------------------
     0 | D:1      | ventricule the Vampire Skald began the quest for the Orb.
     0 | D:1      | Reached XP level 1. HP: 16/16 MP: 3/3
   451 | D:1      | Reached XP level 2. HP: 16/22 MP: 5/5
   933 | D:2      | Reached skill level 3 in Long Blades
  1170 | D:2      | Learned a level 2 spell: Song of Slaying
  1173 | D:2      | Learned a level 2 spell: Shroud of Golubria
  1524 | D:2      | Reached XP level 3. HP: 24/27 MP: 6/6
  2001 | D:2      | Reached skill level 4 in Charms
  2076 | D:2      | Reached XP level 4. HP: 25/33 MP: 3/7
  2562 | D:2      | Slain by an orc

Vanquished Creatures
  An iguana (D:2)
  2 adders (D:2)
  An orc (D:2)
  7 bats
  4 giant cockroaches (D:2)
  3 hobgoblins
  7 jackals (D:2)
  4 giant newts
  9 goblins
  10 kobolds
  3 quokkas (D:2)
  4 rats (D:2)
55 creatures vanquished.
